Map: 中心协议

Players

平步青云 - Winner!

  • Race: Terran Terran

电脑难度(艰难)

  • Race: Zerg Zerg

VOD

Have the link to the VOD?

Description

Time

  • Played on: Dec. 31, 2015, 7:36 a.m.
  • Length: 10:08
Show
View Real Time Build Order
Export as new Build Order

平步青云 Terran - Winner!

Build Orders:  

Get SALT Encoding   

  12  0:01  SCV  
  13  0:13  SCV  
  14  0:21  Supply Depot  
  14  0:25  SCV  
  15  0:45  Barracks  
  15  0:46  SCV  
  16  0:58  SCV  
  17  1:10  Supply Depot  
  17  1:11  SCV  
  18  1:23  SCV  
  19  1:27  Refinery  
  19  1:34  Marine  
  19  1:35  SCV  
  21  1:46  Command Center  
  21  1:51  SCV  
  21  1:52  Marine  
  23  2:03  SCV  
  24  2:10  Marine  
  24  2:15  Supply Depot  
  25  2:16  SCV  
  25  2:21  Refinery  
  26  2:28  SCV, Marine  
  28  2:35  Factory  
  28  2:40  SCV  
  29  2:46  Marine  
  29  2:57  Orbital Command  
  29  3:06  Marine  
  29  3:08  SCV  
  31  3:20  SCV  
  31  3:26  Bunker  
  32  3:32  SCV x2  
  34  3:35  Barracks Tech Lab  
  34  3:37  Factory Reactor  
  34  3:38  Factory Tech Lab  
  34  3:44  SCV x2  
  34  3:45  Barracks  
  36  3:56  SCV  
  36  3:57  SCV  
  36  4:00  Supply Depot  
  36  4:01  Marauder  
  40  4:06  Siege Tank  
  40  4:08  SCV  
  40  4:09  SCV  
  45  4:16  Starport  
  45  4:24  SCV, Engineering Bay  
  45  4:26  SCV  
  48  4:31  Refinery  
  48  4:35  Marauder  
  48  4:36  Barracks Reactor, SCV  
  50  4:48  SCV  
  50  4:52  Supply Depot  
  51  4:57  SCV  
  52  5:01  Refinery  
  52  5:08  Siege Tank  
  52  5:09  SCV, Medivac  
  60  5:14  Marine, Marauder  
  60  5:18  Supply Depot  
  61  5:21  SCV  
  61  5:24  Terran Infantry Weapons Level 1  
  62  5:34  SCV  
  63  5:40  Siege Tank  
  66  5:46  SCV  
  66  5:48  Medivac  
  69  5:50  Marine x2  
  69  5:51  Marauder  
  73  6:10  Supply Depot  
  73  6:12  Siege Tank  
  76  6:31  Marine x2  
  76  6:32  Marauder  
  80  6:35  Medivac  
  80  6:36  Supply Depot  
  82  6:44  Siege Tank  
  85  6:48  Marine  
  86  6:57  Marine  
  86  6:58  Marauder  
  89  7:07  Concussive Shells  
  89  7:09  Supply Depot  
  89  7:18  Terran Infantry Armor Level 1  
  89  7:32  Supply Depot  
  87  7:38  Marine x2  
  87  7:39  Marauder  
  87  7:40  Siege Tank  
  87  7:41  Medivac  
  95  7:55  Supply Depot  
  95  7:56  Marine x2  
  97  8:00  Marauder  
  99  8:30  Marine  
  99  8:31  Marine, Marauder  
  103  8:52  Marauder  
Show
View Real Time Build Order
Export as new Build Order

电脑难度(艰难) Zerg 

Build Orders: Pool First 

Get SALT Encoding   

  12  0:00  Drone  
  13  0:12  Overlord  
  13  0:17  Drone  
  14  0:30  Drone x2  
  16  0:43  Spawning Pool  
  16  0:45  Drone  
  16  0:49  Drone  
  17  0:52  Extractor  
  17  0:55  Drone  
  17  1:05  Overlord  
  17  1:31  Queen, Zergling x2  
  20  1:37  Zergling x2  
  20  1:38  Drone, Roach Warren  
  20  1:39  Extractor  
  20  1:49  Drone  
  21  1:59  Drone  
  22  2:10  Zergling x2  
  23  2:21  Drone  
  24  2:31  Overlord  
  24  2:36  Lair  
  24  2:38  Drone, Zergling x2  
  26  3:16  Overlord, Zergling x2  
  27  3:23  Metabolic Boost  
  27  3:27  Zergling x2  
  27  3:34  Zergling x2  
  29  3:37  Drone, Infestation Pit  
  29  3:38  Hydralisk Den  
  28  3:50  Drone  
  29  4:08  Hydralisk  
  31  4:15  Swarm Host  
  34  4:18  Overlord  
  34  4:21  Swarm Host  
  37  4:27  Hydralisk  
  37  4:30  Drone  
  40  4:34  Drone  
  41  4:39  Drone  
  41  4:44  Swarm Host  
  41  4:45  Drone x2  
  47  4:50  Drone  
  48  5:01  Overlord  
  48  5:05  Baneling Nest  
  47  5:12  Drone  
  48  5:14  Evolution Chamber  
  48  5:17  Drone  
  48  5:57  Roach, Zerg Melee Weapons Level 1  
  50  6:06  Hydralisk  
  48  6:16  Lurker Den  
  47  6:25  Hatchery  
  46  7:10  Spore Crawler, Burrow  
  46  7:11  Drone  
  46  7:15  Roach  
  48  7:17  Spore Crawler, Drone  
  48  7:29  Ravager  
  49  7:33  Zergling x2  
  49  7:37  Drone, Queen  
  44  7:38  Drone x3  
  44  7:39  Drone x4  
  44  7:43  Hydralisk, Muscular Augments  
  42  7:50  Drone  
  42  7:51  Drone  
  35  7:52  Drone  
  35  7:55  Hydralisk Den  
  32  8:00  Hydralisk  
  26  8:12  Drone  
  23  8:19  Drone  
  22  8:25  Drone  
  23  8:30  Drone  
  23  8:31  Hydralisk  
  18  8:48  Hydralisk  
  18  8:49  Drone  
  18  8:51  Drone  
  18  8:52  Drone x3  
  25  8:57  Drone  
  24  9:04  Drone  
  24  9:13  Drone  
Tags
 
Add a new tag
Caveats
  • Supply blocks, unpowered buildings, or Contaminate may cause inaccurate times.
  • Supply counts are checked every 10 seconds.